 Dungeon Crawl Stone Soup version 0.29-a0-337-g68df138881 (webtiles) character file.

Game seed: 11881139060553800401

33 zeratav the Conjurer (level 3, -2/21 HPs)
             Began as an Octopode Conjurer on Apr 16, 2022.
             Slain by an orc
             ... wielding a +0 dagger
              (5 damage)
             ... on level 3 of the Dungeon.
             The game lasted 00:03:09 (1431 turns).

zeratav the Conjurer (Octopode Conjurer)            Turns: 1431, Time: 00:03:10

Health: -2/21      AC: -3    Str:  6    XL:     3   Next: 29%
Magic:  6/6        EV: 13    Int: 22    God:
Gold:   82         SH:  0    Dex: 10    Spells: 3/6 levels left

rFire   . . .      SeeInvis .   f - +0 short sword (vamp) {short}
rCold   . . .      Faith    .   (no shield)
rNeg    . . .      Spirit   .   (helmet restricted)
rPois   .          Reflect  .   (no amulet)
rElec   .          Harm     .   (no ring)
rCorr   .          Rampage  .   (no ring)
Will    .....                   (no ring)
Stlth   +++.......              (no ring)
HPRegen 0.07/turn               (no ring)
MPRegen 0.10/turn               (no ring)
                                (no ring)
                                (no ring)

@: corroded
A: almost no armour, amphibious, 8 rings, camouflage 1, gelatinous body 1,
(nimble swimmer 1), tentacles
a: no special abilities


You were on level 3 of the Dungeon.
You visited 1 branch of the dungeon, and saw 4 of its levels.

You collected 82 gold pieces.


Innate Abilities, Weirdness & Mutations

You cannot wear most types of armour.
You are amphibious.
You can wear up to eight rings at the same time.
Your skin changes colour to match your surroundings (Stealth+).
Your rubbery body absorbs attacks. (AC +1, EV +1)
((You are camouflaged when in or above water. (Stealth+)))
You have tentacles for arms and can constrict up to eight enemies at once.


   Skills:
 - Level 2.0 Dodging
 - Level 2.6 Stealth
 + Level 2.0 Spellcasting
 * Level 5.0 Conjurations


You had 3 spell levels left.
You knew the following spells:

 Your Spells              Type           Power      Damage    Failure   Level
a - Magic Dart            Conj           96%        1d7       1%          1
b - Searing Ray           Conj           48%        2d6       2%          2

Your spell library contained the following spells:

 Spells                   Type           Power      Damage    Failure   Level
 Shock                    Conj/Air       52%        1d6       4%          1
 Dazzling Flash           Conj/Hex       26%        N/A       14%         3
 Swiftness                Air            2%         N/A       38%         3
 Fulminant Prism          Conj/Hex       6%         3d7       43%         4
 Iskenderun's Mystic Bla  Conj/Tloc      13%        2d5       43%         4
 Airstrike                Air            1%         N/A       80%         4

Inventory:

Hand Weapons
 f - a +0 vampiric short sword (weapon) {short}
   (You took it off a kobold on level 2 of the Dungeon)
Scrolls
 b - 3 scrolls of enchant armour {unknown}
 c - 3 scrolls of vulnerability {unknown}
 e - a scroll of teleportation {unknown}
Potions
 a - a potion of magic
 d - a potion of heal wounds {unknown}

Dungeon Overview and Level Annotations

Branches:
Dungeon (4/15)
 Temple: D:4-7

Altars:

Shops:
D:1

= #+#
#o#######
#@r......
#J#######
#.. ....
.....
.......
...?....
.........#


You could see a jelly, an orc and a rat.


Message History

MP[-1]
You lost 1 mp, and now have 5/6 mp.
You can't see any susceptible monsters within range! (Use Z to cast anyway.)
You can't see any susceptible monsters within range! (Use Z to cast anyway.)
There is an open door here.
There is a stone staircase leading down here.
You now have 82 gold pieces (gained 15).
There is a stone staircase leading down here.
There is an open door here.
A goblin comes into view. It is wielding a +0 dagger.
MP[+1]
Your mp is fully restored (6).
Memorise Searing Ray, consuming 2 spell levels and leaving 3?
The goblin shouts!
You start memorising the spell.
You continue memorising. x2
You finish memorising.
Spell assigned to 'b'.
The magic dart hits the goblin.
You kill the goblin!
MP[-1]
You lost 1 mp, and now have 5/6 mp.
You can't see any susceptible monsters within range! (Use Z to cast anyway.)
Things that are here:
a +0 dagger {short}; a goblin corpse; MP[+1]
Your mp is fully restored (6).
Things that are here:
a +0 dagger {short}; a goblin corpse A giant cockroach comes into view.
The magic dart hits the giant cockroach.
You kill the giant cockroach!
MP[-1]
You lost 1 mp, and now have 5/6 mp.
You can't see any susceptible monsters within range! (Use Z to cast anyway.)
You can't see any susceptible monsters within range! (Use Z to cast anyway.)
You see here a giant cockroach corpse.
You see here a giant cockroach corpse.
You open the door.
There is an open door here.
You open the door.
There is an open door here.
A sourceless malevolence fills the Dungeon...
You fall into a shaft and drop 2 floors!
The shaft crumbles and collapses.
You hear the sound of rushing water.
There is an entrance to a sewer on this level.
Hurry and find it before the portal rusts away!
Found a book of Air.
Found two stone staircases leading up.
MP[+1]
Your mp is fully restored (6).
An orc comes into view. It is wielding a +0 hand axe.
A jelly comes into view.
You see here a book of Air.
You pick up a book of Air and begin reading...
You add the spells Shock, Swiftness and Airstrike to your library.
An orc comes into view. It is wielding a +0 dagger.
The orc shouts!
You hear a shout!
You hear an angry hiss.
The magic dart hits the orc.
An orc priest comes into view. It is wielding a +0 dagger.
MP[-1]
You lost 1 mp, and now have 5/6 mp.
The orc priest shouts!
An orc comes into view. It is wielding a +0 short sword.
An orc comes into view. It is wielding a +0 hand axe.
There is a stone staircase leading up here.
You climb upwards.
There is a stone staircase leading down here.
You climb downwards.
You hear the sound of rushing water.
There is an entrance to a sewer on this level.
Hurry and find it before the portal rusts away!
The orc barely misses you.
An orc comes into view. It is wielding a +0 falchion.
An adder comes into view.
There is a stone staircase leading up here.
The orc hits you with a +0 dagger. The jelly barely misses you.
There is a stone staircase leading up here.
HP[-3] MP[+1]
You take 3 damage, and now have 18/21 hp.
Your mp is fully restored (6).
The orc hits you with a +0 dagger. The jelly hits you. The acid corrodes you!
You are splashed with acid!
* * * LOW HITPOINT WARNING * * *
You climb upwards.
There is a stone staircase leading down here.
HP[-11]
You take 11 damage, and now have 7/21 hp.
MASSIVE DAMAGE!! (PAUSE)
You hit the orc but do no damage. Your grab misses the orc. The rat bites you.
* * * LOW HITPOINT WARNING * * *
The orc hits you with a +0 dagger.
* * * LOW HITPOINT WARNING * * *
The jelly barely misses you.
HP[-5]
You take 5 damage, and now have 2/21 hp.
MASSIVE DAMAGE!! (PAUSE)
You hit the orc.
You feel better.
Your grab misses the orc. The rat barely misses you.
The orc closely misses you. The jelly barely misses you.
HP[+1]
You closely miss the orc. You grab the orc.
You constrict the orc, but do no damage.
The rat barely misses you. The orc hits you with a +0 dagger.
You die...

Skill      XL: |  1  2  3 |
---------------+----------+-----
Conjurations   | 5 |  5.0
Dodging        | |  2.0
Stealth        | |  2.6
Spellcasting   | |  2.0

Action                   || total
-------------------------++-------
Melee: Dagger            ||     8
       Tentacles         ||     3
       Constrict         ||     2
       Short sword       ||     3
 Cast: Magic Dart        ||    44
Armor: Skin              ||     1
Dodge: Dodged            ||    17

Levels and vault maps discovered:
D:1:      psy_arrival_radial02, layout_rooms, serial_shops, shop,
          dilly_ecumenical_altar_fadedgnrine, minmay_3d_cube
D:2:      layout_loops_corners
D:3:      layout_basic, grunt_ministairs_3
D:4:      layout_cave_pools, mainiacjoe_overflow_catwalk_spiral,
          cheibrodos_sewer_entry_bend, serial_shops, shop,
          uniq_crazy_yiuf_cottage

Notes
Turn   | Place    | Note
-------+----------+-------------------------------------------
     0 | D:1      | zeratav the Octopode Conjurer began the quest for the Orb.
     0 | D:1      | Reached XP level 1. HP: 11/11 MP: 3/3
     0 | D:1      | magus.rc [v1.9.6]
   355 | D:1      | Reached XP level 2. HP: 17/17 MP: 1/5
   541 | D:1      | Found Qyenke's Jewellery Boutique.
   963 | D:1      | Reached XP level 3. HP: 21/21 MP: 4/6
  1068 | D:1      | Found a faded altar of an unknown god.
  1074 | D:1      | Reached skill level 5 in Conjurations
  1307 | D:2      | Learned a level 2 spell: Searing Ray
  1410 | D:2      | You fall into a shaft and drop 2 floors!
  1414 | D:4      | You pick up a book of Air and begin reading...
  1414 | D:4      | You add the spells Shock, Swiftness and Airstrike to your
                  | library.
  1429 | D:3      | HP: 2/21 [orc/+0 dagger (4)]
  1431 | D:3      | Slain by an orc

Vanquished Creatures
  4 bats (D:1)
  2 endoplasms (D:1)
  3 giant cockroaches
  3 goblins
  3 hobgoblins (D:1)
  A quokka (D:1)
  4 ball pythons (D:1)
  A frilled lizard (D:1)
  3 kobolds
  7 rats
31 creatures vanquished.

Vanquished Creatures (others)
  8 plants (D:1)
8 creatures vanquished.

Grand Total: 39 creatures vanquished

Table legend:
 A = Non-vault XP
 B = Vault XP
 C = Vault XP percentage of total XP
 D = Non-vault monster count
 E = Vault monster count
 F = Vault count percentage of total count
                 A         B        C        D         E       F
            +---------+---------+-------+---------+---------+-------
      Total |      43 |       5 |  10.4 |      28 |       3 |   9.7
            +---------+---------+-------+---------+---------+-------
        D:1 |      35 |       5 |  12.5 |      23 |       3 |  11.5
        D:2 |       8 |       0 |   0.0 |       5 |       0 |   0.0
            +---------+---------+-------+---------+---------+-------

Illustrated notes

Table legend:
 A = Kills in this place as a percentage of kills in entire the game.
 B = Kills by you in this place as a percentage of kills by you in the entire game.
 C = Kills by friends in this place as a percentage of kills by friends in the entire game.
 D = Other kills in this place as a percentage of other kills in the entire game.
 E = Experience gained in this place as a percentage of experience gained in the entire game.
 F = Experience gained in this place divided by the number of levels of this place that you have seen.
                   A       B       C       D       E      F
               +-------+-------+-------+-------+-------+----------------------
         Total | 100.0 | 100.0 |   N/A |   N/A | 100.0 |  12.0
       Dungeon | 100.0 | 100.0 |   N/A |   N/A | 100.0 |  12.0
               +-------+-------+-------+-------+-------+----------------------

Table legend: (Time is in decaauts)
 A = Elapsed time spent in this place.
 B = Non-inter-level travel time spent in this place.
 C = Inter-level travel time spent in this place.
 D = Time resting spent in this place.
 E = Time spent auto-exploring this place.
 F = Levels seen in this place.
 G = Mean time per level.
                   A        B        C        D        E       F      G
               +--------+--------+--------+--------+--------+-----+--------+
         Total |   1430 |   1394 |     36 |      0 |   1233 |   4 |  357.5 |
       Dungeon |   1430 |   1394 |     36 |      0 |   1233 |   4 |  357.5 |
               +--------+--------+--------+--------+--------+-----+--------+

Top non-repeatable levels by time:
     D:1: 1128 daAuts
     D:2: 280 daAuts
     D:4: 16 daAuts
     D:3: 5 daAuts
